 Dungeon Crawl Stone Soup version 0.24-a0-350-g5b3daab8ba (webtiles) character file.

Game seed: 13087352478625042825

534 sking99 the Chiller (level 7, 8/51 HPs)
             Began as a Gnoll Ice Elementalist on May 23, 2019.
             Was an Initiate of Sif Muna.
             Quit the game on level 5 of the Dungeon.
             The game lasted 00:09:39 (5568 turns).

sking99 the Chiller (Gnoll Ice Elementalist)        Turns: 5568, Time: 00:09:40

Health: 8/51       AC:  5    Str: 11    XL:     7   Next: 25%
Magic:  1/15       EV: 15    Int: 18    God:    Sif Muna [......]
Gold:   243        SH:  0    Dex: 16    Spells: 7/17 levels left

rFire    . . .     SeeInvis .     - Unarmed
rCold    . . .     Gourm    .   (no shield)
rNeg     . . .     Faith    .   a - +0 robe
rPois    .         Spirit   .   (no helmet)
rElec    .         Reflect  .   l - +2 cloak
rCorr    +         Harm     .   (no gloves)
MR       +....                  (no boots)
Stlth    +++.......             (no amulet)
HPRegen  0.17/turn              e - ring of resist corrosion
MPRegen  0.14/turn              q - ring of protection from magic

@: no status effects
A: distributed training, fangs 1, strong nose
a: Renounce Religion


You were on level 5 of the Dungeon.
You worshipped Sif Muna.
Sif Muna was noncommittal.
You were hungry.

You visited 1 branch of the dungeon, and saw 5 of its levels.

You collected 243 gold pieces.

Inventory:

Missiles
 n - 51 poisoned darts (quivered)
Armour
 a - a +0 robe (worn)
 l - a +2 cloak (worn)
Jewellery
 e - a ring of resist corrosion (left hand)
 o - an uncursed ring of stealth
 q - a ring of protection from magic (right hand)
Wands
 d - a wand of flame (18)
 h - a wand of random effects (20)
 p - a wand of disintegration (9)
Scrolls
 k - 2 scrolls of remove curse
 m - a scroll of teleportation
Potions
 b - a potion of haste {unknown}
 g - a potion of agility
 i - 2 potions of resistance {unknown}
 j - 2 potions of cancellation
 r - 2 potions of berserk rage
 u - a potion of ambrosia {unknown}
 w - a potion of degeneration {unknown}
Comestibles
 c - 14 rations


   Skills:
 + Level 2.3 Fighting
 + Level 2.3 Short Blades
 + Level 2.3 Long Blades
 + Level 2.3 Axes
 + Level 2.3 Maces & Flails
 + Level 2.3 Polearms
 + Level 2.3 Staves
 + Level 2.3 Slings
 + Level 2.3 Bows
 + Level 2.3 Crossbows
 + Level 2.3 Throwing
 + Level 2.3 Armour
 + Level 5.1 Dodging
 + Level 4.8 Stealth
 + Level 2.3 Shields
 + Level 2.3 Unarmed Combat
 + Level 5.5 Spellcasting
 + Level 2.9 Conjurations
 + Level 1.9 Hexes
 + Level 1.9 Charms
 + Level 1.9 Summonings
 + Level 1.9 Necromancy
 + Level 1.9 Translocations
 + Level 1.9 Transmutations
 + Level 1.9 Fire Magic
 + Level 5.8 Ice Magic
 + Level 1.9 Air Magic
 + Level 1.9 Earth Magic
 + Level 1.9 Poison Magic
 + Level 2.5 Invocations
 + Level 2.3 Evocations


You had 7 spell levels left.
You knew the following spells:

 Your Spells              Type           Power        Failure   Level  Hunger
a - Freeze                Ice            ####         1%          1    None
b - Throw Frost           Conj/Ice       ###...       3%          2    None
c - Ozocubu's Armour      Chrm/Ice       ###.....     8%          3    ##.....
d - Throw Icicle          Conj/Ice       ###.....     22%         4    ####...

Your spell library contained the following spells:

 Spells                   Type           Power        Failure   Level  Hunger
 Summon Ice Beast         Ice/Summ       ###.....     26%         4    ####...


Dungeon Overview and Level Annotations

Branches:
Dungeon (5/15)
 Temple: D:4-7

Altars:
Ashenzari
Elyvilon
Sif Muna
Trog
Vehumet
Wu Jian
Zin
The Shining One

Shops:
D:4 *

Annotations:
D:5 2 runed translucent doors


Innate Abilities, Weirdness & Mutations

Your experience applies equally to all skills.
You have very sharp teeth.
Your uncanny sense of smell can sniff out nearby items.


Message History

The centaur shoots an arrow.
The arrow barely misses you.
Found 15 gold pieces.
You see here an arrow.
An adder skeleton comes into view.
The centaur shoots an arrow.
The arrow hits you but does no damage. The adder skeleton closely misses you.
You hit the adder skeleton. Your bite misses the adder skeleton.
The adder skeleton is lightly damaged.
The centaur shoots an arrow.
The arrow misses you. The adder skeleton misses you.
The adder skeleton closely misses you. The shadow imp gestures at you.
Pain shoots through your body!
* * * LOW HITPOINT WARNING * * *
The adder skeleton closely misses you.
You see here 15 gold pieces.
The adder skeleton bites you.
* * * LOW HITPOINT WARNING * * *
Unknown command.
Are you sure you want to abandon this character and quit the game? (Confirm with "yes".)

............# ###.#
............# #....
#######.##### #....
########'########....
#...............#....
#...............#....
#....#######....#...#
#...5#aasbs#h.[.#####
#...@+asbss+h...# #
#..$Z#aaay.#....# #
#..?(#######†...#####
#.....(([†.c....#....
#.....(.........#.###
########+########.# ∆
#.# #.# #.#


You could see 6 worker ants, a killer bee, a shadow imp, 5 giant cockroaches and
an adder skeleton.

Vanquished Creatures
  An ogre (D:4)
  2 hounds (D:4)
  Crazy Yiuf (D:2)
  Jessica (D:2)
  2 orc wizards (D:3)
  A worker ant (D:4)
  10 gnolls
  7 adders
  2 oozes (D:3)
  3 worms
  3 leopard geckos
  5 orcs
  2 ball pythons
  5 giant cockroaches
  5 hobgoblins
  13 jackals
  A quokka (D:5)
  4 bats
  7 frilled lizards
  9 goblins
  7 kobolds
  7 rats
98 creatures vanquished.

Notes
Turn   | Place    | Note
-------+----------+-------------------------------------------
     0 | D:1      | sking99 the Gnoll Ice Elementalist began the quest for the
                  | Orb.
     0 | D:1      | Reached XP level 1. HP: 13/13 MP: 6/6
   188 | D:1      | Reached XP level 2. HP: 19/19 MP: 5/7
   391 | D:1      | Learned a level 2 spell: Throw Frost
  1205 | D:2      | Reached XP level 3. HP: 25/25 MP: 1/9
  1287 | D:2      | Reached skill level 5 in Spellcasting
  1590 | D:2      | Found a runed translucent door.
  1591 | D:2      | Noticed Crazy Yiuf
  1617 | D:2      | Reached skill level 1 in Invocations
  1758 | D:2      | Reached skill level 1 in Fighting
  1758 | D:2      | Reached skill level 1 in Short Blades
  1758 | D:2      | Reached skill level 1 in Long Blades
  1758 | D:2      | Reached skill level 1 in Axes
  1758 | D:2      | Reached skill level 1 in Maces & Flails
  1758 | D:2      | Reached skill level 1 in Polearms
  1758 | D:2      | Reached skill level 1 in Staves
  1758 | D:2      | Reached skill level 1 in Slings
  1758 | D:2      | Reached skill level 1 in Bows
  1758 | D:2      | Reached skill level 1 in Crossbows
  1758 | D:2      | Reached skill level 1 in Throwing
  1758 | D:2      | Reached skill level 1 in Armour
  1758 | D:2      | Reached skill level 1 in Shields
  1758 | D:2      | Reached skill level 1 in Unarmed Combat
  1758 | D:2      | Reached skill level 1 in Evocations
  1758 | D:2      | Reached XP level 4. HP: 29/32 MP: 2/11
  2157 | D:2      | Reached skill level 1 in Hexes
  2157 | D:2      | Reached skill level 1 in Charms
  2157 | D:2      | Reached skill level 1 in Summonings
  2157 | D:2      | Reached skill level 1 in Necromancy
  2157 | D:2      | Reached skill level 1 in Translocations
  2157 | D:2      | Reached skill level 1 in Transmutations
  2157 | D:2      | Reached skill level 1 in Fire Magic
  2157 | D:2      | Reached skill level 1 in Air Magic
  2157 | D:2      | Reached skill level 1 in Earth Magic
  2157 | D:2      | Reached skill level 1 in Poison Magic
  2262 | D:2      | Noticed Jessica
  2271 | D:2      | Killed Jessica
  2271 | D:2      | Reached XP level 5. HP: 20/37 MP: 6/12
  2425 | D:2      | Found an ornate altar of the Wu Jian Council.
  2462 | D:2      | Found a deep blue altar of Sif Muna.
  2667 | D:2      | Became a worshipper of Sif Muna the Loreminder
  3160 | D:2      | Killed Crazy Yiuf
  3528 | D:3      | Reached XP level 6. HP: 42/44 MP: 3/13
  3662 | D:3      | Found a radiant altar of Vehumet.
  3772 | D:3      | Reached skill level 5 in Dodging
  3833 | D:3      | Learned a level 3 spell: Ozocubu's Armour
  3838 | D:3      | Learned a level 4 spell: Throw Icicle
  3893 | D:3      | Found a shattered altar of Ashenzari.
  4060 | D:3      | Found a white marble altar of Elyvilon.
  4062 | D:3      | Found a glowing silver altar of Zin.
  4110 | D:3      | Found a glowing golden altar of the Shining One.
  4749 | D:4      | Reached XP level 7. HP: 50/50 MP: 4/15
  4829 | D:4      | Found a bloodstained altar of Trog.
  5148 | D:4      | Found Iwkycw Besch's Assorted Antiques.
  5390 | D:5      | Entered Level 5 of the Dungeon
  5540 | D:5      | Found a runed translucent door.
  5542 | D:5      | Found a runed translucent door.
  5568 | D:5      | Quit the game

Levels and vault maps discovered:
D:1:      dpeg_arrival_windows_large_door, layout_basic
D:2:      layout_basic, grunt_temple_overflow_open, first_ration, uniq_jessica,
          uniq_crazy_yiuf_cottage
D:3:      layout_loops_ring, good_gods_mini_temple, ashenzari_altar_1,
          lemuel_round_altar
D:4:      layout_basic, lemuel_crystal_altar, serial_shops,
          kennysheep_mini_moat, nrook_uturn
D:5:      lemuel_insect_pit, layout_basic, enter_ossuary_1, minmay_between

Skill      XL: |  1  2  3  4  5  6 |
---------------+-------------------+-----
Conjurations   | 2 |  2.9
Spellcasting   | 5 |  5.5
Invocations    | 1 2 |  2.5
Fighting       | 1 2 |  2.3
Short Blades   | 1 2 |  2.3
Long Blades    | 1 2 |  2.3
Axes           | 1 2 |  2.3
Maces & Flails | 1 2 |  2.3
Polearms       | 1 2 |  2.3
Staves         | 1 2 |  2.3
Slings         | 1 2 |  2.3
Bows           | 1 2 |  2.3
Crossbows      | 1 2 |  2.3
Throwing       | 1 2 |  2.3
Armour         | 1 2 |  2.3
Shields        | 1 2 |  2.3
Unarmed Combat | 1 2 |  2.3
Evocations     | 1 2 |  2.3
Hexes          | 1 |  1.9
Charms         | 1 |  1.9
Summonings     | 1 |  1.9
Necromancy     | 1 |  1.9
Translocations | 1 |  1.9
Transmutations | 1 |  1.9
Fire Magic     | 1 |  1.9
Air Magic      | 1 |  1.9
Earth Magic    | 1 |  1.9
Poison Magic   | 1 |  1.9
Dodging        | 5 |  5.1
Stealth        | |  4.8
Ice Magic      | |  5.8

Action                   |  1- 3 |  4- 6 |  7- 9 || total
-------------------------+-------+-------+-------++-------
Melee: Unarmed           |     2 |     8 |     1 ||    11
       Bite              |     1 |     1 |       ||     2
 Cast: Freeze            |    18 |    66 |    14 ||    98
       Throw Frost       |    29 |    51 |    16 ||    96
       Ozocubu's Armour  |       |     3 |       ||     3
  Use: Scroll            |       |       |     8 ||     8
  Eat: Chunk             |     3 |     9 |     2 ||    14
Armor: Robe              |     2 |     8 |     5 ||    15
Dodge: Dodged            |     4 |    44 |    21 ||    69

Table legend:
 A = Non-vault XP
 B = Vault XP
 C = Vault XP percentage of total XP
 D = Non-vault monster count
 E = Vault monster count
 F = Vault count percentage of total count
                 A         B        C        D         E       F
            +---------+---------+-------+---------+---------+-------
      Total |     689 |      74 |   9.7 |      96 |       2 |   2.0
            +---------+---------+-------+---------+---------+-------
        D:1 |      39 |       0 |   0.0 |      16 |       0 |   0.0
        D:2 |     165 |      74 |  31.0 |      35 |       2 |   5.4
        D:3 |     208 |       0 |   0.0 |      30 |       0 |   0.0
        D:4 |     250 |       0 |   0.0 |       7 |       0 |   0.0
        D:5 |      27 |       0 |   0.0 |       8 |       0 |   0.0
            +---------+---------+-------+---------+---------+-------
